 Dungeon Crawl Stone Soup version 0.30-a0-187-gd9c2deaf24 (webtiles) character file.

Game seed: 11799009653280744510

32 KennySheep the Trooper (level 3, 0/40 HPs)
             Began as an Ogre Fighter on Oct 4, 2022.
             Slain by an iguana (7 damage)
             ... on level 2 of the Dungeon.
             The game lasted 00:02:41 (941 turns).

KennySheep the Trooper (Ogre Fighter)                Turns: 941, Time: 00:02:41

Health: 0/40       AC:  3    Str: 22    XL:     3   Next: 25%
Magic:  3/3        EV:  8    Int:  9    God:
Gold:   50         SH:  7    Dex:  8    Spells: 2/2 levels left

rFire   . . .      SeeInvis .    a - +1 flail
rCold   . . .      Faith    .    c - +0 kite shield
rNeg    + . .      Spirit   .    b - +0 robe
rPois   .          Reflect  .    (helmet restricted)
rElec   .          Harm     .    (no cloak)
rCorr   .          Rampage  .    (gloves unavailable)
Will    .....                    (boots unavailable)
Stlth   +.........               (no amulet)
HPRegen 0.26/turn                g - ring of positive energy
MPRegen 0.08/turn                (no ring)

@: no status effects
A: large, unfitting armour, tough skin 1
a: no special abilities


You were on level 2 of the Dungeon.
You visited 1 branch of the dungeon, and saw 2 of its levels.

You collected 50 gold pieces.

Inventory:

Hand Weapons
 a - a +1 flail (weapon)
 i - a +0 lajatang
Armour
 b - a +0 robe (worn)
 c - a +0 kite shield (worn)
Jewellery
 g - a ring of positive energy (left hand)
Potions
 d - 3 potions of might
 e - a potion of flight {unknown}
 h - a potion of resistance {unknown}


   Skills:
 + Level 4.4 Fighting
 * Level 2.6 Maces & Flails
 + Level 1.1 Throwing
 - Level 2.6 Dodging
 - Level 3.0 Shields


You had 2 spell levels left.
You didn't know any spells.
Your spell library was empty.

Dungeon Overview and Level Annotations

Branches:
Dungeon (2/15)

Altars:


Innate Abilities, Weirdness & Mutations

You are too large for most types of armour.
You have tough skin. (AC +1)


Message History

You thump the giant cockroach!
You kill the giant cockroach!
You sock the hobgoblin!
You kill the hobgoblin!
You block the hobgoblin's attack.
You closely miss the hobgoblin. You block the hobgoblin's attack.
You hit the hobgoblin.
You kill the hobgoblin!
You thump the endoplasm!
You kill the endoplasm!
No target in view!
HP restored.
Things that are here:
a hobgoblin corpse; a hobgoblin corpse An iguana comes into view.
An iguana is nearby!
An iguana is nearby!
The iguana hisses angrily.
A goblin comes into view. It is wielding a +0 club.
The iguana bites you!
The goblin moves out of view.
You hit the iguana.
The iguana is lightly wounded.
The iguana bites you!
The goblin shouts!
You hit the iguana.
The iguana is moderately wounded.
The iguana bites you. The iguana bites you!
* * * LOW HITPOINT WARNING * * *
You barely miss the iguana.
The iguana is moderately wounded.
The iguana bites you but does no damage.
Okay, then.
Okay, then.
As you read the scroll labelled JYFAOL JONEN, it crumbles to dust.
It is a scroll of enchant weapon.
Your +0 flail glows red for a moment.
The iguana barely misses you.
You thump the iguana!
The iguana is almost dead.
You block the iguana's attack. The iguana bites you!
You die...

.. .# .. ##? .g ##.#
#l.# #@# ##########.#
#......<...#
#..........#
#..........#
#..........##########
#...........†........
#.........###########
#.........#


You could see an iguana and a goblin.

Vanquished Creatures
  A dart slug (D:1)
  A ball python (D:1)
  2 endoplasms
  2 giant cockroaches
  2 goblins (D:1)
  4 hobgoblins
  2 jackals (D:1)
  4 quokkas (D:1)
  3 bats (D:1)
  A frilled lizard (D:1)
  2 rats (D:1)
24 creatures vanquished.

Notes
Turn   | Place    | Note
-------+----------+-------------------------------------------
     0 | D:1      | KennySheep the Ogre Fighter began the quest for the Orb.
     0 | D:1      | Reached XP level 1. HP: 24/24 MP: 1/1
   443 | D:1      | Reached XP level 2. HP: 32/32 MP: 2/2
   623 | D:1      | Reached skill level 1 in Throwing
   686 | D:1      | Reached XP level 3. HP: 40/40 MP: 3/3
   941 | D:2      | Slain by an iguana

Illustrated notes

Levels and vault maps discovered:
D:1:      minmay_arrival_four_houses, layout_basic,
          chequers_serial_rivers_micro_e
D:2:      layout_rooms, chequers_ecumenical_altar_simple_redux

Skill      XL: |  1  2 |
---------------+-------+-----
Maces & Flails | 2 |  2.6
Throwing       | 1 |  1.1
Fighting       | |  4.4
Dodging        | |  2.6
Shields        | |  3.0

Action                   || total
-------------------------++-------
Melee: Flail             ||    85
  Use: Scroll            ||     1
Armor: Robe              ||    44
Dodge: Dodged            ||    43
Block: Kite shield       ||    49

Table legend: (Time is in decaauts)
 A = Elapsed time spent in this place.
 B = Non-inter-level travel time spent in this place.
 C = Inter-level travel time spent in this place.
 D = Time resting spent in this place.
 E = Time spent auto-exploring this place.
 F = Levels seen in this place.
 G = Mean time per level.
                   A        B        C        D        E       F      G
               +--------+--------+--------+--------+--------+-----+--------+
         Total |    977 |    965 |     12 |      0 |    746 |   2 |  488.5 |
       Dungeon |    977 |    965 |     12 |      0 |    746 |   2 |  488.5 |
               +--------+--------+--------+--------+--------+-----+--------+

Top non-repeatable levels by time:
     D:1: 924 daAuts
     D:2: 52 daAuts
